 Dungeon Crawl Stone Soup version 0.23.2-40-g277498a001 (webtiles) character file.

Game seed: 18065740189900298011

615 DildoBatman the Conjurer (level 7, -3/46 HPs)
             Began as a Formicid Wizard on Sept 11, 2019.
             Was an Initiate of Kikubaaqudgha.
             Slain by a crimson imp (4 damage)
             ... in the Ecumenical Temple.
             The game lasted 00:12:58 (4150 turns).

DildoBatman the Conjurer (Formicid Wizard)          Turns: 4150, Time: 00:12:59

Health: -3/46      AC:  3    Str: 12    XL:     7   Next: 73%
Magic:  7/11       EV: 12    Int: 22    God:    Kikubaaqudgha [......]
Gold:   169        SH:  0    Dex: 15    Spells: 5/12 levels left

rFire    . . .     SeeInvis +   b - +0 falchion
rCold    . . .     Gourm    .   (no shield)
rNeg     . . .     Faith    .   p - +0 robe
rPois    +         Spirit   .   (helmet unavailable)
rElec    .         Reflect  .   (no cloak)
rCorr    .         Harm     .   (no gloves)
MR       .....                  i - +0 pair of boots
Stlth    ++........             (no amulet)
HPRegen  0.15/turn              u - ring of poison resistance
MPRegen  0.12/turn              y - ring "Enajeuqed" {Wiz Int+3 Dex+6}

@: no status effects
A: permanent stasis, dig shafts and tunnels, four strong arms, antennae 3
a: Dig, Shaft Self, Renounce Religion


You were in the Ecumenical Temple.
You worshipped Kikubaaqudgha.
Kikubaaqudgha was noncommittal.
You were very hungry.

You visited 2 branches of the dungeon, and saw 6 of its levels.

You collected 169 gold pieces.

Inventory:

Hand Weapons
 a - a +0 hunting sling
 b - a +0 falchion (weapon)
Missiles
 c - 36 stones (quivered)
 d - 38 poisoned needles
 e - 73 bolts
 f - a tomahawk
 l - 35 arrows
Armour
 i - a +0 pair of boots (worn)
 p - a +0 robe (worn)
Jewellery
 u - a ring of poison resistance (left hand)
 y - the ring "Enajeuqed" (right hand) {Wiz Int+3 Dex+6}
   (You found it on level 5 of the Dungeon)

   [ring of wizardry]

   It improves your spell success rate.
   It affects your intelligence (+3).
   It affects your dexterity (+6).
Wands
 t - a wand of acid (2)
Scrolls
 h - 3 scrolls of amnesia
 k - a scroll of immolation {unknown}
 n - 5 scrolls of enchant weapon
 s - a scroll of enchant armour {unknown}
 x - 2 scrolls of remove curse
 z - 2 scrolls of identify
Potions
 j - 2 potions of brilliance {unknown}
 m - a potion of berserk rage {unknown}
 r - 2 potions of curing {unknown}
 w - a potion of haste {unknown}
 A - a potion of lignification {unknown}
Comestibles
 v - 3 rations


   Skills:
 - Level 1.7 Dodging
 - Level 2.4 Stealth
 - Level 3.2 Spellcasting
 - Level 6.1 Conjurations
   Level 1.0 Summonings
   Level 0.8 Translocations
 * Level 2.0 Fire Magic
 * Level 1.5 Air Magic
 * Level 2.7 Poison Magic


You had 5 spell levels left.
You knew the following spells:

 Your Spells              Type           Power        Failure   Level  Hunger
a - Conjure Flame         Conj/Fire      ###.....     2%          3    ###....
c - Magic Dart            Conj           ####         1%          1    None
e - Mephitic Cloud        Conj/Pois/Air  ###.....     3%          3    ###....

Your spell library contained the following spells:

 Spells                   Type           Power        Failure   Level  Hunger
 Call Imp                 Summ           #.......     4%          2    ##.....
 Slow                     Hex            #.......     8%          2    ##.....
 Blink                    Tloc           Unusable     N/A         2    N/A

Dungeon Overview and Level Annotations

Branches:
Dungeon (5/15)             Temple (1/1) D:5

Altars:
Ashenzari
Dithmenos
Elyvilon
Fedhas
Gozag
Kikubaaqudgha
Makhleb
Nemelex Xobeh
Qazlal
Sif Muna
Trog
Uskayaw
Xom
Yredelemnul
Zin
The Shining One


Innate Abilities, Weirdness & Mutations

You cannot be hasted, slowed, berserked, paralysed or teleported.
You can dig through walls and to a lower floor.
Your four strong arms can wield two-handed weapons with a shield.
You have a pair of large antennae on your head. (SInv)


Message History

Confirm with . or Enter, or press ? or * to list all spells.
Aiming: Magic Dart (safe; 1% risk of failure)
Press: ? - help, Shift-Dir - straight line, f/p - crimson imp
Aim: a crimson imp (heavily wounded)
The magic dart hits the crimson imp.
The crimson imp is severely wounded.
The crimson imp closely misses you.
You riposte.
You miss the crimson imp.
The crimson imp is heavily wounded.
Casting: Magic Dart (safe; 1% risk of failure)
Confirm with . or Enter, or press ? or * to list all spells.
Aiming: Magic Dart (safe; 1% risk of failure)
Press: ? - help, Shift-Dir - straight line, f/p - crimson imp
Aim: a crimson imp (heavily wounded)
The magic dart hits the crimson imp.
The crimson imp is severely wounded.
The crimson imp hits you.
You die...
Kikubaaqudgha rasps: "You have failed me!
Welcome... death!"

#########
##8._(_.8##
##.(..(..((##
##_..≈≈.≈≈.(_##
#...≈≈.(.≈≈.((#
#_.≈≈.≈.≈(≈≈._#
#..≈.≈.(5≈.≈..#
#8.....@(.(.(8#
#..≈.≈.(.≈.≈..#
#_.≈≈.≈.≈.≈≈._#
#...≈≈...≈≈...#
##_(.≈≈.≈≈.._##
##.........##
##8._(_.8##
#########


You could see a crimson imp.

Vanquished Creatures
  An ogre (D:4)
  A water moccasin skeleton (D:3)
  2 jellies (D:4)
  3 hounds
  4 orc wizards
  A worker ant (Temple)
  A hound skeleton (D:5)
  A howler monkey skeleton (D:4)
  6 adders
  2 oozes
  An adder skeleton (D:4)
  2 dart slugs (D:1)
  3 worms (D:2)
  4 leopard geckos
  12 orcs
  2 ball pythons
  3 giant cockroaches (D:1)
  3 goblins (D:2)
  3 hobgoblins
  2 jackals (D:5)
  A quokka (D:2)
  7 bats
  5 frilled lizards
  6 kobolds
  4 rats
80 creatures vanquished.

Notes
Turn   | Place    | Note
-------+----------+-------------------------------------------
     0 | D:1      | DildoBatman the Formicid Wizard began the quest for the
                  | Orb.
     0 | D:1      | Reached XP level 1. HP: 13/13 MP: 4/4
    30 | D:1      | Reached skill level 1 in Conjurations
   102 | D:1      | Reached XP level 2. HP: 17/19 MP: 3/6
   168 | D:1      | Reached skill level 2 in Conjurations
   525 | D:1      | Reached XP level 3. HP: 24/24 MP: 2/7
   530 | D:1      | Learned a level 3 spell: Conjure Flame
   534 | D:1      | Learned a level 3 spell: Mephitic Cloud
   949 | D:2      | Reached skill level 3 in Conjurations
  1020 | D:2      | Reached XP level 4. HP: 30/30 MP: 3/8
  1294 | D:2      | Found a glowing golden altar of the Shining One.
  1759 | D:2      | Found a glowing silver altar of Zin.
  2035 | D:3      | Reached skill level 4 in Conjurations
  2035 | D:3      | Reached XP level 5. HP: 29/35 MP: 5/9
  2083 | D:3      | Found a shadowy altar of Dithmenos.
  2098 | D:3      | Found a sparkling altar of Nemelex Xobeh.
  2434 | D:3      | Found a deep blue altar of Sif Muna.
  2534 | D:3      | Reached skill level 5 in Conjurations
  2534 | D:3      | Reached XP level 6. HP: 15/41 MP: 0/10
  3009 | D:4      | Reached skill level 6 in Conjurations
  3009 | D:4      | Reached XP level 7. HP: 41/46 MP: 6/11
  3539 | D:4      | Reached skill level 1 in Fire Magic
  3539 | D:4      | Reached skill level 1 in Poison Magic
  3543 | D:4      | Reached skill level 1 in Air Magic
  3704 | D:5      | Entered Level 5 of the Dungeon
  3953 | D:5      | Got a fine wooden ring
  3955 | D:5      | Identified the ring "Enajeuqed" {Wiz Int+3 Dex+6} (You
                  | found it on level 5 of the Dungeon)
  3976 | D:5      | Found a staircase to the Ecumenical Temple.
  3986 | Temple   | Entered the Ecumenical Temple
  3995 | Temple   | Became a worshipper of Kikubaaqudgha
  4146 | Temple   | HP: 1/46 [crimson imp (3)]
  4150 | Temple   | Slain by a crimson imp

Skill      XL: |  1  2  3  4  5  6  7 |
---------------+----------------------+-----
Conjurations   | 1 2 3 4 5 6 |  6.1
Fire Magic     | 2 |  2.0
Poison Magic   | 2 |  2.7
Air Magic      | 1 |  1.5
Dodging        | |  1.7
Stealth        | |  2.4
Spellcasting   | |  3.2
Summonings     | |  1.0
Translocations | |  0.8

Action                   |  1- 3 |  4- 6 |  7- 9 || total
-------------------------+-------+-------+-------++-------
Melee: Dagger            |    15 |       |    11 ||    26
       Falchion          |       |       |     4 ||     4
 Fire: Hunting sling     |     9 |    94 |   166 ||   269
 Cast: Magic Dart        |    58 |    73 |    23 ||   154
       Conjure Flame     |       |     4 |     3 ||     7
       Mephitic Cloud    |       |     7 |     7 ||    14
 Abil: Dig               |     1 |     1 |     1 ||     3
Evoke: Wand              |       |       |     1 ||     1
  Use: Scroll            |       |       |     4 ||     4
 Stab: Sleeping          |     1 |       |       ||     1
  Eat: Chunk             |       |     8 |     3 ||    11
Armor: Robe              |     3 |    10 |    23 ||    36
Dodge: Dodged            |    25 |    52 |    73 ||   150
       Rpst.: Falchion   |       |       |     2 ||     2
